 Dungeon Sprint DCSS version 0.27.1-1-g398f81649c (webtiles) character file.

Game seed: 12256011221321015503

4986 styxcanada the Imperceptible (level 10, 0/53 HPs)
             Began as a Spriggan Brigand on Sept 19, 2021.
             Was an Initiate of Gozag.
             Slain by a spriggan rider (9 damage)
             ... in the Dungeon (Sprint IV: "Fedhas' Mad Dash").
             The game lasted 00:08:57 (1216 turns).

styxcanada the Imperceptible (Spriggan Brigand)     Turns: 1216, Time: 00:08:57

Health: 0/53       AC:  4    Str:  7    XL:     10   Next: 29%
Magic:  14/20      EV: 25    Int: 13    God:    Gozag
Gold:   1860       SH:  0    Dex: 20    Spells: 9/21 levels left

rFire    . . .     SeeInvis +   a - +2 dagger
rCold    . . .     Faith    .   (shield restricted)
rNeg     . . .     Spirit   .   b - +0 robe
rPois    .         Reflect  .   (helmet restricted)
rElec    .         Harm     .   c - +1 cloak
rCorr    .         Rampage  .   (gloves unavailable)
Will     +....     NoTele   +   (boots unavailable)
Stlth    +++++++++.             m - amulet of invisibility {+Inv}
HPRegen  0.17/turn              (no ring)
MPRegen  0.17/turn              (no ring)

@: very slightly contaminated, invisible, very quick
A: very small, no large weapons, unfitting armour, see invisible, speed 3
a: Renounce Religion, Evoke Invisibility, Potion Petition, Call Merchant, Bribe
Branch


You were in the Dungeon.
You worshipped Gozag.
Gozag was most pleased with you.
You visited 1 branch You collected 2209 gold pieces.
You spent 349 gold pieces at shops.

Inventory:

Hand Weapons
 a - a +2 dagger (weapon)
 p - the +5 short sword "Geopaal" {chaos, rF+ Str-5 Dex+5}
   (You bought it in a shop in the Dungeon)

   Each time it hits an enemy it has a different, random effect.
   Str:       It affects your strength (-5).
   Dex:       It affects your dexterity (+5).
   rF:        It protects you from fire.
Missiles
 d - 6 poisoned darts (quivered)
 e - a curare-tipped dart
 n - 13 sling bullets
Armour
 b - a +0 robe (worn)
 c - a +1 cloak (worn)
Jewellery
 m - the amulet of invisibility (around neck) {+Inv}
   (You found it in the Dungeon)

   [amulet of nothing]

   +Inv:      It lets you turn invisible.
 o - a ring of magical power
Wands
 g - a wand of iceblast (6)
Scrolls
 j - a scroll of identify
 k - a scroll of blinking
 l - a scroll of amnesia
Potions
 h - a potion of haste
 i - 2 potions of magic


   Skills:
 * Level 6.5 Fighting
 + Level 6.2 Short Blades
 + Level 6.8 Throwing
 * Level 10.3 Dodging
 * Level 23.1 Stealth
 * Level 6.1 Spellcasting
 * Level 3.7 Conjurations
 * Level 6.3 Hexes
 * Level 10.0 Evocations


You had 9 spell levels left.
You knew the following spells:

 Your Spells              Type           Power      Damage    Failure   Level
a - Dazzling Flash        Conj/Hex       34%        N/A       6%          3
b - Slow                  Hex            20%        N/A       1%          2
c - Confusing Touch       Hex            20%        N/A       3%          3
d - Cause Fear            Hex            10%        N/A       12%         4

Your spell library contained the following spells:

 Spells                   Type           Power      Damage    Failure   Level
 Inner Flame              Hex/Fire       12%        N/A       14%         3
 Vampiric Draining        Necr           1%         2d6       45%         3
 Iskenderun's Mystic Bla  Conj/Tloc      8%         2d4       61%         4
 Silence                  Hex/Air        6%         N/A       77%         5
 Conjure Ball Lightning   Conj/Air       4%         3x3d6     100%        6
 Starburst                Conj/Fire      4%         6d3       100%        6
 Monstrous Menagerie      Summ           1%         N/A       100%        7
 Discord                  Hex            10%        N/A       100%        8


Dungeon Overview and Level Annotations

Branches:
Dungeon (1/1)

Altars:
Cheibriados
Dithmenos
Elyvilon
Gozag
Hepliaklqana
Kikubaaqudgha
Makhleb
Nemelex Xobeh
Okawaru
Qazlal
Ru
Sif Muna
Trog
Uskayaw
Vehumet
Wu Jian
Xom
Yredelemnul
Zin
The Shining One
Beogh
Jiyva
Lugonu

Shops:
D =*[(*


Innate Abilities, Weirdness & Mutations

You are very small and have problems with some larger weapons.
You are too small for most types of armour.
You have supernaturally acute eyesight. (SInv)
You cover ground extremely quickly. (Speed+++)


Message History

The spriggan misses you.
Unknown command.
You hit the spriggan but do no damage.
Unknown command.
Casting: Dazzling Flash (dangerous; 6% risk of failure)
Confirm with . or Enter, or press ? or * to list all spells.
The spriggan is dazzled.
The spriggan misses you. The spriggan rider misses you.
You hit the spriggan.
The spriggan is moderately wounded.
The spriggan completely misses you. The spriggan rider misses you.
Unknown command.
You closely miss the spriggan.
The spriggan is moderately wounded.
The spriggan closely misses you.
The spriggan rider hits you from afar with a +0 spear!
You hit the spriggan.
The spriggan is moderately wounded.
Unknown command.
There is an open door here.
Throw: 7 darts (poison)
Press: ? - help, Q - select action, (/) - cycle Shift-Dir - straight line, f - spriggan
Aim: a spriggan, wielding a +0 dagger, wearing a +0 robe and wearing a +0 buckler (moderately wounded, blind, 45% to hit)
You throw a poisoned dart. The poisoned dart hits the spriggan!
The spriggan is poisoned.
The spriggan is moderately wounded.
You hit the spriggan.
The spriggan is moderately wounded.
The spriggan hits you with a +0 dagger! The spriggan rider misses you.
Unknown command.
You closely miss the spriggan.
The spriggan is moderately wounded.
The spriggan rider hits you from afar with a +0 spear!!
Ouch! That really hurt!
* * * LOW HITPOINT WARNING * * *
You feel better.
The spriggan is no longer blind.
The spriggan barely misses you.
The spriggan rider hits you from afar with a +0 spear!
You die...
Your body crumbles into a pile of gold.

#####################
._.⌠.#..'...#....##∩#
_._..'..#...#....'!.#
._...#..###'##.[.##∩#$$ #
_._..#.[##∩∩.'...#### ...
._.⌠.#############
###...∩
##########....))###.....♣
.###.'..'.......@iii..♣
♣##..#..#.P.....#######
.###.##+##.P....# ♣'...#
######## ######


You could see a spriggan rider and 2 spriggans.

Vanquished Creatures
  A spriggan druid (D)
  6 oklob plants (D)
  A demonic crawler (D)
  A queen bee (D)
  4 burning bushes (D)
  3 wandering mushrooms (D)
  3 scorpions (D)
  4 killer bees (D)
  5 oklob saplings (D)
  2 spriggans (D)
  A river rat (D)
  A rat (D)
  A ballistomycete spore (D)
33 creatures vanquished.

Vanquished Creatures (others)
  A fungus (D)
1 creature vanquished.

Grand Total: 34 creatures vanquished

Notes
Turn   | Place    | Note
-------+----------+-------------------------------------------
     0 | D        | styxcanada the Spriggan Brigand began the quest for the
                  | Orb.
     0 | D        | Reached XP level 1. HP: 10/10 MP: 2/2
    12 | D        | Reached skill level 6 in Stealth
    22 | D        | Reached skill level 8 in Stealth
    22 | D        | Reached XP level 2. HP: 12/15 MP: 3/3
    72 | D        | Noticed an oklob sapling
    73 | D        | Killed an oklob sapling
    74 | D        | Reached skill level 9 in Stealth
    74 | D        | Reached XP level 3. HP: 18/18 MP: 4/4
    75 | D        | Noticed a scorpion
    75 | D        | Found the amulet of invisibility {+Inv}
    80 | D        | Killed a scorpion
    81 | D        | Reached skill level 11 in Stealth
    81 | D        | Reached XP level 4. HP: 22/23 MP: 5/5
   112 | D        | Found an opulent altar of Gozag.
   112 | D        | Found a hazy altar of Hepliaklqana.
   112 | D        | Found a burning altar of Makhleb.
   112 | D        | Found a sparkling altar of Nemelex Xobeh.
   112 | D        | Found a snail-covered altar of Cheibriados.
   112 | D        | Found a sacrificial altar of Ru.
   112 | D        | Found a shimmering blue altar of Sif Muna.
   112 | D        | Found a shimmering altar of Xom.
   112 | D        | Found a basalt altar of Yredelemnul.
   113 | D        | Found a viscous altar of Jiyva.
   113 | D        | Found a bloodstained altar of Trog.
   113 | D        | Found an ornate altar of the Wu Jian Council.
   114 | D        | Found an iron altar of Okawaru.
   114 | D        | Found a shadowy altar of Dithmenos.
   114 | D        | Found a glowing silver altar of Zin.
   115 | D        | Found an ancient bone altar of Kikubaaqudgha.
   115 | D        | Found a hide-covered altar of Uskayaw.
   116 | D        | Found a stormy altar of Qazlal.
   116 | D        | Found a white marble altar of Elyvilon.
   116 | D        | Found a glowing golden altar of the Shining One.
   117 | D        | Became a worshipper of Gozag Ym Sagoz the Greedy
   118 | D        | Found a corrupted altar of Lugonu.
   118 | D        | Found a radiant altar of Vehumet.
   122 | D        | Reached skill level 13 in Stealth
   122 | D        | Reached XP level 5. HP: 28/28 MP: 3/6
   134 | D        | Reached skill level 5 in Dodging
   134 | D        | Reached skill level 1 in Evocations
   154 | D        | Reached skill level 14 in Stealth
   156 | D        | Reached skill level 15 in Stealth
   181 | D        | Reached XP level 6. HP: 29/32 MP: 7/7
   334 | D        | Found Imaloets's Assorted Antiques.
   334 | D        | Found Guwonu's Jewellery Emporium.
   341 | D        | Bought a scroll labelled KOJIGE FIYMAUR for 24 gold pieces
   341 | D        | Bought a fuming white potion for 21 gold pieces
   341 | D        | Bought an ivory ring for 120 gold pieces
   341 | D        | Bought a scroll labelled XARIUT INAGI for 24 gold pieces
   347 | D        | Noticed a burning bush
   347 | D        | Noticed a wandering mushroom
   348 | D        | Noticed a wandering mushroom
   351 | D        | Killed a burning bush
   352 | D        | Reached skill level 5 in Throwing
   352 | D        | Reached skill level 17 in Stealth
   352 | D        | Killed a wandering mushroom
   353 | D        | Reached skill level 18 in Stealth
   353 | D        | Reached XP level 7. HP: 38/38 MP: 5/8
   353 | D        | Killed a wandering mushroom
   354 | D        | Reached skill level 19 in Stealth
   354 | D        | Reached skill level 5 in Evocations
   367 | D        | Found Jiomi's Antique Weapon Emporium.
   367 | D        | Found Fyrac's Antique Armour Shoppe.
   377 | D        | Learned a level 3 spell: Dazzling Flash
   380 | D        | Bought a crude short sword for 160 gold pieces
   380 | D        | Identified the +5 short sword "Geopaal" {chaos, rF+ Str-5
                  | Dex+5} (You bought it in a shop in the Dungeon)
   438 | D        | Reached skill level 5 in Fighting
   438 | D        | Reached XP level 8. HP: 43/43 MP: 6/9
   444 | D        | Noticed a queen bee
   451 | D        | Killed a queen bee
   452 | D        | Reached skill level 1 in Spellcasting
   452 | D        | Reached skill level 1 in Hexes
   454 | D        | Reached skill level 1 in Conjurations
   457 | D        | Reached skill level 20 in Stealth
   525 | D        | Noticed an oklob plant
   528 | D        | Killed an oklob plant
   542 | D        | Noticed a burning bush
   572 | D        | Killed a burning bush
   573 | D        | Reached XP level 9. HP: 18/47 MP: 13/15
   593 | D        | Killed a burning bush
   594 | D        | Reached skill level 21 in Stealth
   618 | D        | Noticed a burning bush
   618 | D        | Noticed an oklob plant
   791 | D        | Noticed a wandering mushroom
   794 | D        | Killed a burning bush
   795 | D        | Reached skill level 5 in Short Blades
   797 | D        | Killed a wandering mushroom
   808 | D        | Killed an oklob plant
   809 | D        | Reached skill level 5 in Hexes
   813 | D        | Got the Incunabulum of Creative Flight
   975 | D        | Noticed a spriggan druid
   977 | D        | Killed a spriggan druid
   978 | D        | Reached skill level 22 in Stealth
   978 | D        | Reached skill level 5 in Spellcasting
  1047 | D        | Noticed an oklob plant conjurer
  1048 | D        | Killed an oklob plant conjurer
  1103 | D        | Learned a level 2 spell: Slow
  1107 | D        | Learned a level 3 spell: Confusing Touch
  1112 | D        | Learned a level 4 spell: Cause Fear
  1118 | D        | Noticed an oklob plant
  1118 | D        | Noticed an oklob plant summoner
  1119 | D        | Noticed an oklob plant shifter
  1123 | D        | Killed an oklob plant
  1124 | D        | Reached skill level 10 in Dodging
  1124 | D        | Reached XP level 10. HP: 53/53 MP: 16/19
  1125 | D        | Killed an oklob plant summoner
  1128 | D        | Killed an oklob plant shifter
  1129 | D        | Reached skill level 23 in Stealth
  1147 | D        | Reached skill level 10 in Evocations
  1203 | D        | Noticed a spriggan rider
  1204 | D        | Found Lilets's Assorted Antiques.
  1216 | D        | Slain by a spriggan rider

Illustrated notes

Levels and vault maps discovered:
D:        dungeon_sprint_fedhas [sprint_temple]

Skill      XL: |  1  2  3  4  5  6  7  8  9 10 |
---------------+-------------------------------+-----
Stealth        | 8 9 11 13 15 18 19 20 22 23 | 23.1
Dodging        | 2 3 4 5 7 8 10 | 10.3
Fighting       | 2 3 4 5 6 |  6.5
Throwing       | 3 4 5 6 |  6.8
Short Blades   | 3 4 6 |  6.2
Evocations     | 1 4 5 7 9 10 | 10.0
Spellcasting   | 3 5 6 |  6.1
Hexes          | 3 5 6 |  6.3
Conjurations   | 2 3 |  3.7

Action                   |  1- 3 |  4- 6 |  7- 9 | 10-12 || total
-------------------------+-------+-------+-------+-------++-------
Melee: Dagger            |     3 |    10 |    16 |     9 ||    38
       Short sword       |       |       |    52 |       ||    52
Throw: Dart              |    10 |     8 |       |     1 ||    19
 Cast: Dazzling Flash    |       |       |       |     2 ||     2
 Abil: Evoke Invisibilit |       |     2 |     6 |     1 ||     9
  Use: Potion            |       |     1 |     1 |     1 ||     3
       Scroll            |       |     2 |     1 |       ||     3
 Stab: Sleeping          |     1 |     3 |    14 |     3 ||    21
       Invisible         |       |     1 |     3 |       ||     4
       Confused          |       |       |     1 |       ||     1
       Paralysed         |       |       |     1 |       ||     1
Armor: Robe              |     2 |       |       |       ||     2
Dodge: Dodged            |     4 |     7 |    10 |     9 ||    30
